Match 43480229
Unlisted

Match 43480229
End
Construct Infanterie Kompanie
Selects Italian Coastal Battlegroup
MG 42 Machine Gun Team
Selects Coastal Reserves
Grenadier Squad
Grenadier Squad
Construct Luftwaffe Kompanie
Selects Artillery Officer
Pioneer Squad
Medical Bunker
Selects Support Bunkers
Artillery Officer
Construct Panzer Kompanie
Panzer IV Medium Tank
Panzer Officer Quarters
Selects Obice da 210/22 Artillery Emplacement
Jäger Squad
Panzer IV Medium Tank
THE one-冰封夕阳
喊乌拉的德棍123
GAGE
lanyangyang
嫂子开门我是我哥
Jeremy
JT
冲锋大哥
0
0

Comments sign in to comment!

No comments posted yet!